 Dungeon Crawl Stone Soup version 0.26-a0-1026-g544776af23 (webtiles) character file.

Game seed: 9444316560860826526

837 lunkers the Grappler (level 7, -14/64 HPs)
             Began as a Ghoul Fighter on Dec 9, 2020.
             Demolished by Joseph
             ... wielding a +0 quarterstaff
              (15 damage)
             ... on level 7 of the Dungeon.
             The game lasted 00:05:12 (4568 turns).

lunkers the Grappler (Ghoul Fighter)                Turns: 4568, Time: 00:05:12

Health: -14/64     AC:  6    Str: 22    XL:     7   Next: 99%
Magic:  6/6        EV:  7    Int:  3    God:
Gold:   245        SH:  8    Dex:  8    Spells: 6/6 levels left

rFire    . . .     SeeInvis .     - Unarmed
rCold    + + .     Faith    .   b - +0 kite shield
rNeg     + + +     Spirit   .   a - +0 scale mail
rPois    ∞         Reflect  .   (no helmet)
rElec    .         Harm     .   (no cloak)
rCorr    .         Rampage  .   (no gloves)
Will     .....                  (no boots)
Stlth    ..........             (no amulet)
HPRegen  0.00/turn              o - ring of protection from cold
MPRegen  0.10/turn              (no ring)

@: no status effects
A: rotting body, claws 1, cold resistance 1, negative energy resistance 3,
inhibited regeneration, torment resistance, unbreathing
a: no special abilities


You were on level 7 of the Dungeon.
You visited 1 branch of the dungeon, and saw 5 of its levels.

You collected 245 gold pieces.

Inventory:

Hand Weapons
 c - a +2 flail of venom
Armour
 a - a +0 scale mail (worn)
 b - a +0 kite shield (worn)
Jewellery
 o - a ring of protection from cold (left claw)
Wands
 t - a wand of flame (17)
Scrolls
 e - a scroll of random uselessness {unknown}
 g - a scroll of noise {unknown}
 j - 2 scrolls of identify
 l - 3 scrolls of remove curse {unknown}
 m - a scroll of amnesia {unknown}
 p - a scroll of teleportation {unknown}
 s - a scroll of fear {unknown}
Potions
 d - a potion of haste {unknown}
 f - 2 potions of cancellation {unknown}
 h - 4 potions of degeneration
 i - 3 potions of curing
 k - 2 potions of ambrosia {unknown}
 n - 2 potions of flight {unknown}
 q - a potion of heal wounds {unknown}
 r - a potion of resistance {unknown}


   Skills:
 + Level 6.3 Fighting
 - Level 2.6 Armour
 - Level 2.6 Shields
 * Level 8.1 Unarmed Combat


You had 6 spell levels left.
You didn't know any spells.
Your spell library was empty.

Dungeon Overview and Level Annotations

Branches:
Dungeon (4/15)
 Temple: D:4-7

Altars:
Kikubaaqudgha

Annotations:
D:7 Joseph


Innate Abilities, Weirdness & Mutations

Your body is rotting away.
You thrive by killing the living.
You are immune to poison.
You have sharp fingernails.
Your flesh is cold resistant. (rC+)
You are immune to negative energy. (rN+++)
You do not regenerate when monsters are visible.
You are immune to unholy pain and torment.
You can survive without breathing.


Message History

You scratch Joseph but do no damage.
Joseph is heavily wounded.
You block Joseph's attack.
Unknown command.
You claw Joseph!
Joseph is severely wounded.
Joseph hits you with a +0 quarterstaff!
* * * LOW HITPOINT WARNING * * *
You closely miss Joseph.
Joseph is severely wounded.
Joseph hits you with a +0 quarterstaff.
* * * LOW HITPOINT WARNING * * *
You claw Joseph!
Joseph is almost dead.
Joseph barely misses you.
Unknown command.
You scratch Joseph.
Joseph is almost dead.
Joseph hits you with a +0 quarterstaff!
You die...

# . .#
#+#####.##.
#..........
#..........
#.@........
#..@.......
#..........
#...###....
#.(.# ...
#..........
#.........
#.........
+.........
#.#######.


You could see Joseph.

Vanquished Creatures
  Edmund (D:4)
  Duvessa (D:4)
  2 ogres
  Dowan (D:4)
  2 orc wizards
  An orc priest (D:2)
  2 iguanas (D:4)
  4 gnolls (D:3)
  10 adders
  A howler monkey skeleton (D:4)
  An ooze (D:2)
  An adder skeleton (D:4)
  5 worms
  3 dart slugs
  A leopard gecko (D:4)
  8 orcs
  2 ball pythons
  9 bats
  2 giant cockroaches (D:4)
  11 goblins
  6 hobgoblins
  4 jackals
  9 kobolds
  2 quokkas
  7 frilled lizards
  2 quokka skeletons (D:4)
  A rat (D:3)
99 creatures vanquished.

Notes
Turn   | Place    | Note
-------+----------+-------------------------------------------
     0 | D:1      | lunkers the Ghoul Fighter began the quest for the Orb.
     0 | D:1      | Reached XP level 1. HP: 19/19 MP: 0/0
   109 | D:1      | Reached XP level 2. HP: 23/26 MP: 1/1
   208 | D:1      | Reached skill level 3 in Unarmed Combat
   779 | D:2      | Reached XP level 3. HP: 29/33 MP: 2/2
   950 | D:2      | Reached skill level 4 in Unarmed Combat
   950 | D:2      | Reached XP level 4. HP: 15/40 MP: 3/3
  1625 | D:2      | Reached XP level 5. HP: 47/47 MP: 4/4
  2021 | D:2      | Found a faded altar of an unknown god.
  2270 | D:3      | Reached skill level 5 in Unarmed Combat
  2785 | D:3      | Reached XP level 6. HP: 14/55 MP: 5/5
  3100 | D:3      | Reached skill level 5 in Fighting
  3282 | D:3      | Reached skill level 6 in Unarmed Combat
  3564 | D:4      | Found an ancient bone altar of Kikubaaqudgha.
  3706 | D:4      | Noticed Edmund
  3717 | D:4      | Killed Edmund
  3718 | D:4      | Reached skill level 7 in Unarmed Combat
  3718 | D:4      | Reached XP level 7. HP: 43/62 MP: 6/6
  3820 | D:4      | Noticed Duvessa
  3823 | D:4      | Noticed Dowan
  3833 | D:4      | Killed Duvessa
  3851 | D:4      | Killed Dowan
  4409 | D:4      | Reached skill level 8 in Unarmed Combat
  4548 | D:4      | You fall into a shaft and drop 3 floors!
  4548 | D:7      | Noticed Joseph
  4566 | D:7      | HP: 1/64 [Joseph/+0 quarterstaff (5)]
  4568 | D:7      | Demolished by Joseph

Illustrated notes

Levels and vault maps discovered:
D:1:      dpeg_arrival_rooms_with_view, layout_basic
D:2:      layout_loops_corners, chequers_ecumenical_altar_lobes,
          minmay_misc_feat_ornament, grunt_decor_resistance
D:3:      layout_loops_cross
D:4:      layout_loops_ring, kiku_gazebo_pond_becter, uniq_edmund, uniq_duvessa
D:7:      layout_gridville, uniq_joseph, uniq_crazy_yiuf_cottage

Skill      XL: |  1  2  3  4  5  6  7 |
---------------+----------------------+-----
Unarmed Combat | 3 4 5 7 8 |  8.1
Fighting       | 4 5 6 |  6.3
Armour         | |  2.6
Shields        | |  2.6

Action                   |  1- 3 |  4- 6 |  7- 9 || total
-------------------------+-------+-------+-------++-------
Melee: Unarmed           |    69 |   260 |    75 ||   404
  Use: Potion            |       |     1 |       ||     1
       Scroll            |       |       |     2 ||     2
Armor: Scale mail        |    32 |    70 |    12 ||   114
Dodge: Dodged            |    24 |    75 |    13 ||   112
Block: Kite shield       |    35 |   101 |    22 ||   158

Table legend: (Time is in decaauts)
 A = Elapsed time spent in this place.
 B = Non-inter-level travel time spent in this place.
 C = Inter-level travel time spent in this place.
 D = Time resting spent in this place.
 E = Time spent auto-exploring this place.
 F = Levels seen in this place.
 G = Mean time per level.
                   A        B        C        D        E       F      G
               +--------+--------+--------+--------+--------+-----+--------+
         Total |   4562 |   4491 |     71 |    726 |   3033 |   5 |  912.4 |
       Dungeon |   4562 |   4491 |     71 |    726 |   3033 |   5 |  912.4 |
               +--------+--------+--------+--------+--------+-----+--------+

Top non-repeatable levels by time:
     D:2: 1580 daAuts
     D:4: 1047 daAuts
     D:3: 992 daAuts
     D:1: 923 daAuts
     D:7: 18 daAuts
